 Dungeon Crawl Stone Soup version 0.21-a0-265-gb353147 (webtiles) character file.

157 AvylaarBelgium the Magician (level 5, -5/28 HPs)
             Began as a Deep Elf Fire Elementalist on Sept 11, 2017.
             Slain by an orc
             ... wielding a +0 mace
              (7 damage)
             ... on level 3 of the Dungeon.
             The game lasted 00:04:46 (1674 turns).

AvylaarBelgium the Magician (DEFE)                  Turns: 1674, Time: 00:04:46

Health: -5/28      AC:  3    Str:  3 (5)  XL:     5   Next: 15%
Magic:  0/15       EV: 18    Int: 18 (21) God:
Gold:   51         SH:  0    Dex: 18 (20) Spells: 10/13 levels left

rFire    . . .     SeeInvis .   h - +1 short sword (drain)
rCold    . . .     Gourm    .   (no shield)
rNeg     . . .     Faith    .   a - +0 robe
rPois    .         Spirit   .   (no helmet)
rElec    .         Reflect  .   l - +0 cloak
rCorr    .         Harm     .   (no gloves)
MR       .....                  (no boots)
Stlth    +++.......             (no amulet)
HPRegen  0.09/turn              (no ring)
MPRegen  0.14/turn              (no ring)

@: agile, flying, hasted, very quick
A: hooves 1, high mp 1
a: no special abilities


You were on level 3 of the Dungeon.
You were not hungry.

You visited 1 branch of the dungeon, and saw 3 of its levels.

You collected 51 gold pieces.

Inventory:

Hand Weapons
 d - a +0 dagger of flaming
 h - a +1 short sword of draining (weapon)
Armour
 a - a +0 robe (worn)
 l - a +0 cloak (worn)
Jewellery
 q - an uncursed ring of resist corrosion {unknown}
 r - a +4 ring of evasion {unknown}
Scrolls
 g - 2 scrolls of recharging {unknown}
 m - a scroll of teleportation {unknown}
 s - a scroll of remove curse {unknown}
Potions
 k - a potion of haste
 n - a potion of flight
Books
 b - a book of Flames

   Spells                             Type                      Level
   a - Flame Tongue                   Conjuration/Fire             1
   b - Throw Flame                    Conjuration/Fire             2
   c - Conjure Flame                  Conjuration/Fire             3
   d - Inner Flame                    Hexes/Fire                   3
   e - Sticky Flame                   Conjuration/Fire             4
   f - Fireball                       Conjuration/Fire             5
Comestibles
 c - a bread ration
 f - 2 meat rations
 i - 3 fruits
 t - a royal jelly


   Skills:
 - Level 2.8 Dodging
 - Level 2.5 Stealth
 + Level 4.7 Spellcasting
 + Level 2.9 Conjurations
 + Level 4.6 Fire Magic


You had 10 spell levels left.
You knew the following spells:

 Your Spells              Type           Power        Failure   Level  Hunger
a - Flame Tongue          Conj/Fire      ###..        2%          1    None
b - Throw Flame           Conj/Fire      ###...       4%          2    #......


Dungeon Overview and Level Annotations

Branches:
Dungeon (3/15)

Altars:


Innate Abilities, Weirdness & Mutations

You have large cloven feet.
You have an increased reservoir of magic. (+10% MP)


Message History

You feel very buoyant.
You fly up into the air.
The orc closely misses you. The orc misses you.
It was a potion of agility.
You feel agile all of a sudden.
It was a potion of degeneration.
There was something very wrong with that liquid.
You feel weakened.
You feel dopey.
You feel clumsy. The orc misses you. The orc closely misses you.
It was a potion of mutation.
You feel extremely strange.
You feel more energetic.
Your feet thicken and deform.
The orc hits you with a club.
* * * LOW HITPOINT WARNING * * *
Casting: Flame Tongue
Confirm with . or Enter, or press ? or * to list all spells.
You don't have enough magic to cast that spell.
As you read the scroll labeled SUXAOZ JUENEEM, it crumbles to dust.
It is a scroll of enchant weapon.
Your +0 short sword of draining glows red for a moment.
The orc hits you with a mace!
You die... o

. . .
.####################
.o.............o....#
###################.#
...........>..#####.#
.....######.#..o@o..#
.....# #.#########
.....# #.# .....# #.#
.....# #.# .......
..# .....### ###
.....# .....#


You could see 2 orcs.

Vanquished Creatures
  An orc priest (D:3)
  A gnoll (D:3)
  5 adders
  An ooze (D:3)
  2 worms (D:2)
  A dart slug (D:1)
  6 bats
  2 giant cockroaches (D:2)
  6 goblins
  7 hobgoblins
  5 jackals
  12 kobolds
  A quokka (D:3)
  6 frilled lizards
  9 rats
65 creatures vanquished.

Notes
Turn   | Place    | Note
-------+----------+-------------------------------------------
     0 | D:1      | AvylaarBelgium the Deep Elf Fire Elementalist began the quest for the Orb.
     0 | D:1      | Reached XP level 1. HP: 10/10 MP: 6/6
   115 | D:1      | Reached XP level 2. HP: 11/15 MP: 0/8
   260 | D:1      | Learned a level 2 spell: Throw Flame
   692 | D:2      | Reached XP level 3. HP: 18/19 MP: 6/10
  1065 | D:2      | Reached XP level 4. HP: 20/24 MP: 0/12
  1669 | D:3      | Reached XP level 5. HP: 5/28 MP: 0/14
  1673 | D:3      | Gained mutation: You have an increased reservoir of magic. (+10% MP) [potion of mutation]
  1673 | D:3      | Gained mutation: You have large cloven feet. [potion of mutation]
  1674 | D:3      | Slain by an orc

Vault maps used:
D:1:      lightli_arrival_flooded_house
D:2:      minmay_misc_feat_chi, minmay_tetromino_t4

Skill      XL: |  1  2  3 |
---------------+----------+-----
Spellcasting   | 4 |  4.7
Conjurations   | 2 |  2.9
Fire Magic     | 4 |  4.6
Dodging        | |  2.8
Stealth        | |  2.5

Action                   |  1- 3 |  4- 6 || total
-------------------------+-------+-------++-------
Melee: Dagger            |     2 |       ||     2
       Short sword       |     4 |    21 ||    25
 Cast: Flame Tongue      |    70 |    35 ||   105
       Throw Flame       |     6 |    12 ||    18
  Use: Potion            |       |     5 ||     5
       Scroll            |       |     1 ||     1
 Stab: Sleeping          |       |     1 ||     1
  Eat: Chunk             |       |     2 ||     2
Armor: Robe              |     4 |     9 ||    13
Dodge: Dodged            |    15 |    33 ||    48

Table legend:
 A = Spawn XP
 B = Non-spawn XP
 C = Spawn XP percentage of total XP
 D = Spawn monster count
 E = Non-spawn monster count
 F = Spawn count percentage of total count
 G = Total turns spent on level
                    A         B        C        D         E        F      G
               +---------+---------+-------+---------+---------+-------+---------
         Total |       0 |     225 |   0.0 |       0 |      65 |   0.0 |  1674
               +---------+---------+-------+---------+---------+-------+---------
           D:1 |       0 |      40 |   0.0 |       0 |      25 |   0.0 |   687
           D:2 |       0 |      85 |   0.0 |       0 |      29 |   0.0 |   636
           D:3 |       0 |     100 |   0.0 |       0 |      11 |   0.0 |   351
               +---------+---------+-------+---------+---------+-------+---------
